 Dungeon Crawl Stone Soup version 0.31-a0-716-gc7603755dd (webtiles) character file.

Game seed: 17746764212977448721

7666 Joey1 the Severer (level 10, -5/93 HPs)
             Began as a Minotaur Berserker on Sept 10, 2023.
             Was a High Priest of Trog.
             Slain by a troll (8 damage)
             ... on level 10 of the Dungeon.
             The game lasted 00:25:47 (9352 turns).

Joey1 the Severer (Minotaur Berserker)              Turns: 9352, Time: 00:25:48

Health: -5/93      AC: 13    Str: 26    XL:     10   Next: 99%
Magic:  9/9        EV:  8    Int:  4    God:    Trog [*****.]
Gold:   108        SH:  0    Dex: 10    Spells: 9/9 levels left

rFire   . . .        K - +0 broad axe
rCold   . . .        (no shield)
rNeg    . . .        H - +0 plate armour
rPois   .            (helmet restricted)
rElec   .            (no cloak)
rCorr   .            U - +0 pair of gloves
SInv    .            I - +0 pair of boots
Will    +....        E - amulet of regeneration Stlth
                     y - +4 ring of slaying
HPRegen 1.15/turn    V - ring of willpower
MPRegen 0.11/turn

%: no passive effects
@: on berserk cooldown
A: horns 2, retaliatory headbutt
a: Renounce Religion, Berserk, Trog's Hand, Brothers in Arms


You were on level 10 of the Dungeon.
You worshipped Trog.
Trog was extremely pleased with you.
You visited 1 branch of the dungeon, and saw 10 of its levels.
You also visited: Sewer.

You collected 556 gold pieces.
You spent 448 gold pieces at shops.

Inventory:

Hand Weapons
 a - a +0 hand axe
 o - a +3 spear
 p - a +4 scythe
 K - a +0 broad axe (weapon)
 P - a +0 war axe
 Q - a +4 broad axe of distortion
 R - a +2 morningstar
Missiles
 g - 57 poisoned darts
 M - 3 throwing nets
Armour
 b - a +0 animal skin
 j - a +0 ring mail
 k - the +0 leather armour "Zeahann" {Contam rPois Int+2 Stlth+}
   (You found it on level 2 of the Dungeon)

   Int+2:     It affects your intelligence (+2).
   rPois:     It protects you from poison Contam: It causes magical
   contamination when unequipped.
   Stlth+:    It makes you more stealthy.
 r - a +0 scale mail
 t - a +0 chain mail
 H - a +0 plate armour (worn)
 I - a +0 pair of boots (worn)
 U - a +0 pair of gloves (worn)
Jewellery
 e - an amulet of magic regeneration
 y - a +4 ring of slaying (left hand)
 E - an amulet of regeneration (around neck)
 O - a ring of protection from cold
 S - an amulet of faith
 V - a ring of willpower (right hand)
 W - a +6 ring of dexterity
Wands
 m - a wand of polymorph (9)
 J - a wand of flame (12)
 Z - a wand of roots (4)
Scrolls
 d - 4 scrolls of teleportation
 h - 2 scrolls of enchant weapon
 i - 3 scrolls of silence
 l - 2 scrolls of fog {unknown}
 s - a scroll of torment
 v - 2 scrolls of noise
 C - 2 scrolls of fear {unknown}
 D - 2 scrolls of blinking {unknown}
 G - 2 scrolls of immolation {unknown}
 L - a scroll of revelation
 N - a scroll of amnesia
 T - a scroll of summoning {unknown}
 X - a scroll of poison {unknown}
 Y - a scroll of vulnerability {unknown}
Potions
 c - 5 potions of curing
 f - 2 potions of haste {unknown}
 n - 4 potions of cancellation {unknown}
 q - 5 potions of might
 u - 2 potions of brilliance {unknown}
 w - a potion of ambrosia {unknown}
 x - a potion of degeneration {unknown}
 z - 3 potions of resistance {unknown}
 A - 5 potions of heal wounds
 B - 3 potions of mutation {unknown}
 F - 3 potions of attraction {unknown}


   Skills:
 - Level 10.0 Fighting
 + Level 17.1 Axes
 - Level 3.0 Armour
 - Level 5.0 Dodging


You had 9 spell levels left.
You didn't know any spells.
Your spell library was empty.

Dungeon Overview and Level Annotations

Branches:
Dungeon (10/15)            Temple (0/1) D:4             Orc (0/2) D:9
  Sewer (visited)
   Lair: D:8-11

Altars:
Ashenzari
Gozag
Kikubaaqudgha
Qazlal
Xom
Yredelemnul

Shops:
D:7 **(*

Annotations:
D:7 3 runed translucent doors
D:9 3 runed translucent doors, hattop's ghost, novice TeSh
D:10 2 transporters, exclusions: ice statue and 2 oklob plants, blessed's ghost, novice MiBe


Innate Abilities, Weirdness & Mutations

You have a pair of horns on your head.
You reflexively headbutt those who attack you in melee.


Message History

You hit the troll. Your headbutt misses the troll.
The troll is heavily wounded.
The troll bites you. The troll barely misses you.
The troll claws you but does no damage.
You closely miss the troll. You headbutt the troll.
The troll is severely wounded.
The troll bites you but does no damage. The troll claws you!
The troll barely misses you.
You closely miss the troll. You headbutt the troll!
The troll is almost dead.
You hit the troll but do no damage. The troll bites you!
The troll barely misses you. The troll claws you! The troll bites you.
The troll claws you. The troll claws you but does no damage.
You barely miss the troll.
The troll is almost dead.
You slash the troll! The troll bites you.
The troll claws you but does no damage. The troll claws you.
The troll bites you! The troll claws you!
* * * LOW HITPOINT WARNING * * *
The troll claws you but does no damage.
You are too injured to fight recklessly!
You're still recovering from your berserk rage.
You hit the troll.
The troll is almost dead.
You slash the troll! You slash the troll!
You kill the troll!
Trog accepts your kill.
The troll leather armour is intact enough to wear.
You hit the troll. The troll bites you!
* * * LOW HITPOINT WARNING * * *
The troll claws you!
* * * LOW HITPOINT WARNING * * *
The troll claws you but does no damage.
You slash the troll! Your headbutt misses the troll.
The troll is severely wounded.
The troll bites you!
* * * LOW HITPOINT WARNING * * *
The troll claws you but does no damage. The troll claws you!
You die...

#........####.#
#. #....#####
#.# #. #....#
#.#..... #....#
####+### ##.###
#.### #...#
######'###
###+####
#...[@...#
#.......
#....T...+
#.......
#........#
#.......
#........#
#.......
#........#
#....)..
#........#
#.......
#.....[..#
+.......
#...>....#
#.......
######'#


You could see a troll.

Vanquished Creatures
  A two-headed ogre (D:10)
  Pikel (D:9)
  An efreet (D:10)
  A hornet (D:7)
  A troll (D:10)
  Prince Ribbit (D:9)
  Sigmund (D:2)
  A wyvern (D:9)
  2 shadows
  A wraith (D:9)
  6 yaks
  2 steam dragons
  An acid dragon (D:8)
  2 water moccasins
  A sky beast (D:7)
  A black bear (D:6)
  3 orc warriors
  2 ice beasts
  An ogre (D:4)
  4 lemures (D:9)
  A centaur (D:7)
  3 phantoms
  6 kobold brigands
  2 bullfrogs (D:8)
  4 scorpions
  8 wights
  3 killer bees (D:7)
  A howler monkey (D:6)
  4 hounds
  5 sleepcaps
  4 orc priests
  3 gnoll boudas
  9 orc wizards
  19 gnolls
  17 adders
  6 river rats
  2 shadow imps
  2 white imps
  An ufetubus (D:5)
  7 worms
  3 dart slugs
  24 orcs
  10 endoplasms
  A giant cockroach (D:4)
  8 goblins
  8 hobgoblins
  3 jackals (D:1)
  7 quokkas
  4 ball pythons
  6 bats
  3 frilled lizards
  40 kobolds
  28 rats
286 creatures vanquished.

Vanquished Creatures (others)
  2 kobolds (D:8)
2 creatures vanquished.

Grand Total: 288 creatures vanquished

Notes
Turn   | Place    | Note
-------+----------+-------------------------------------------
     0 | D:1      | Joey1 the Minotaur Berserker began the quest for the Orb.
     0 | D:1      | Reached XP level 1. HP: 19/19 MP: 0/0
   206 | D:1      | Reached XP level 2. HP: 6/27 MP: 1/1
   444 | D:1      | Found a faded altar of an unknown god.
   496 | D:1      | Reached skill level 4 in Axes
   537 | D:1      | Reached ** piety under Trog
   538 | D:1      | Reached XP level 3. HP: 33/33 MP: 2/2
  1485 | D:2      | Identified the +0 leather armour "Zeahann" {Contam rPois
                  | Int+2 Stlth+}
  1666 | D:2      | Reached XP level 4. HP: 41/41 MP: 3/3
  1834 | D:2      | Noticed Sigmund
  1844 | D:2      | Killed Sigmund
  1845 | D:2      | Reached skill level 5 in Fighting
  1845 | D:2      | Reached skill level 5 in Axes
  1845 | D:2      | Reached XP level 5. HP: 33/48 MP: 4/4
  2041 | D:3      | Reached XP level 6. HP: 56/56 MP: 5/5
  2966 | D:4      | Reached skill level 6 in Axes
  3142 | D:4      | Reached skill level 5 in Dodging
  3280 | D:4      | Reached skill level 7 in Axes
  3307 | D:4      | Reached XP level 7. HP: 30/61 MP: 6/6
  3362 | D:4      | Found a glowing drain.
  3378 | Sewer    | Entered a sewer
  3548 | Sewer    | Reached skill level 8 in Axes
  3617 | Sewer    | Reached *** piety under Trog
  3805 | Sewer    | Reached skill level 9 in Axes
  4513 | D:4      | Found a staircase to the Ecumenical Temple.
  4602 | D:5      | Entered Level 5 of the Dungeon
  4701 | D:5      | Reached XP level 8. HP: 65/68 MP: 7/7
  4778 | D:5      | Found a shimmering altar of Xom.
  4856 | D:5      | Reached skill level 10 in Axes
  4861 | D:5      | Reached **** piety under Trog
  4910 | D:5      | Reached skill level 11 in Axes
  5118 | D:5      | Found an ancient bone altar of Kikubaaqudgha.
  5622 | D:6      | Reached skill level 12 in Axes
  5774 | D:6      | Found a basalt altar of Yredelemnul.
  5923 | D:6      | Found a broken altar of Ashenzari.
  5927 | D:6      | Saw a vision of the Shoals and the Snake Pit.
  5927 | D:6      | Noticed a naga warrior
  5927 | D:6      | Noticed a naga warrior
  5927 | D:6      | Noticed a naga mage
  5927 | D:6      | Noticed a black mamba
  5927 | D:6      | Noticed a sea snake
  5927 | D:6      | Noticed a snapping turtle
  5927 | D:6      | Noticed a wind drake
  5927 | D:6      | Noticed a harpy
  5927 | D:6      | Noticed a sea snake
  5928 | D:6      | Noticed a black mamba
  5928 | D:6      | Noticed a merfolk
  5929 | D:6      | Noticed a cyclops
  5931 | D:6      | Noticed a naga mage
  6371 | D:7      | Found Ukhliogo's General Store.
  6374 | D:7      | Bought a potion of heal wounds for 60 gold pieces
  6374 | D:7      | Bought a scroll of teleportation for 36 gold pieces
  6374 | D:7      | Bought a +0 broad axe for 48 gold pieces
  6374 | D:7      | Bought a potion of curing for 36 gold pieces
  6400 | D:7      | Reached skill level 13 in Axes
  6400 | D:7      | Reached XP level 9. HP: 64/74 MP: 8/8
  6461 | D:7      | Found a runed translucent gate.
  6603 | D:7      | Found a runed translucent gate.
  6603 | D:7      | Noticed a manticore
  6603 | D:7      | Noticed a death yak
  6603 | D:7      | Noticed a death yak
  6603 | D:7      | Noticed a polar bear
  6604 | D:7      | Found a runed translucent gate.
  6605 | D:7      | Noticed a polar bear
  6682 | D:7      | Reached skill level 14 in Axes
  6856 | D:7      | Found Esel's General Store.
  6856 | D:7      | Found Xepett's Assorted Antiques.
  6858 | D:7      | Found Puex Pia's Antique Weapon Shoppe.
  6864 | D:7      | Bought a runed broad axe for 189 gold pieces
  6874 | D:7      | Found an opulent altar of Gozag.
  7146 | D:7      | Bought a scroll labelled DOCEODOOGOR for 31 gold pieces
  7230 | D:7      | Reached skill level 15 in Axes
  7315 | D:8      | Found a stormy altar of Qazlal.
  7442 | D:8      | Reached ***** piety under Trog
  7616 | D:8      | Reached skill level 16 in Axes
  7616 | D:8      | Reached XP level 10. HP: 61/81 MP: 9/9
  7993 | D:7      | Bought a potion of might for 48 gold pieces
  8279 | D:9      | Noticed Pikel
  8298 | D:9      | Killed Pikel
  8364 | D:9      | Found a runed translucent gate.
  8365 | D:9      | Found a runed translucent gate.
  8365 | D:9      | Noticed hattop's ghost (novice TeSh)
  8366 | D:9      | Found a runed translucent gate.
  8366 | D:9      | Noticed an 11-headed hydra
  8373 | D:9      | Noticed an 11-headed hydra
  8826 | D:9      | Noticed Prince Ribbit
  8830 | D:9      | Reached skill level 10 in Fighting
  8835 | D:9      | Received a gift from Trog
  8840 | D:9      | Killed Prince Ribbit
  8986 | D:9      | Found a staircase to the Orcish Mines.
  9057 | D:10     | Entered Level 10 of the Dungeon
  9071 | D:10     | Noticed blessed's ghost (novice MiBe)
  9083 | D:10     | Noticed an oklob plant
  9089 | D:10     | Found a transporter.
  9089 | D:10     | Noticed a two-headed ogre
  9094 | D:10     | Noticed an ice statue
  9112 | D:10     | Noticed an oklob plant
  9130 | D:10     | Found a transporter.
  9291 | D:10     | Noticed a two-headed ogre
  9306 | D:10     | Killed a two-headed ogre
  9307 | D:10     | Reached skill level 17 in Axes
  9352 | D:10     | HP: 3/93 [troll (14)]
  9352 | D:10     | Slain by a troll

Illustrated notes

Levels and vault maps discovered:
D:1:      wheals_arrival_shading, layout_loops_corners,
          hellmonk_ecumenical_altar_pennies_from_heaven
D:2:      layout_loops_cross, uniq_sigmund
D:3:      layout_basic, grunt_ministairs_7
D:4:      layout_loops_ring, minmay_temple_entry_nine_rooms,
          portal_sewer_entry_e, grunt_ministairs_5, st_stairs_2
D:5:      layout_basic, amcnicky_altar_gilded, tgw_xom
D:6:      layout_layer_cave, mainiacjoe_overflow_small_starburst,
          grunt_ashenzari_visionary [grunt_ashenzari_visionary_shoals,
          grunt_ashenzari_visionary_snake]
D:7:      lemuel_bear_cage, layout_rooms, mainiacjoe_overflow_catwalk,
          serial_shops, shop, nicolae_shop_distant_corner_stores
D:8:      minmay_angry_zag, layout_cave_pools, nicolae_qazlal_scattered_showers
D:9:      layout_stronghold, orc_0_dummy, gammafunk_ghost_hydra_chop,
          uniq_prince_ribbit1, uniq_pikel
D:10:     layout_roguey, mainiacjoe_overflow_alcove_4, nzn_ghost_randoct

Skill      XL: |  1  2  3  4  5  6  7  8  9 10 |
---------------+-------------------------------+-----
Fighting       | 4 5 10 | 10.0
Axes           | 4 5 7 9 13 16 17 | 17.1
Armour         | 3 |  3.0
Dodging        | 3 4 5 |  5.0

Action                     |  1- 3 |  4- 6 |  7- 9 | 10-12 || total
---------------------------+-------+-------+-------+-------++-------
  Melee: Hand axe          |    81 |    90 |   325 |       ||   496
         Headbutt          |     8 |    11 |    63 |    28 ||   110
         Punch             |     1 |       |     2 |     3 ||     6
         Broad axe         |       |       |       |   117 ||   117
 Invoke: Berserk           |     1 |     2 |     2 |     2 ||     7
         Trog's Hand       |       |     2 |     1 |     2 ||     5
    Use: Scroll            |       |       |     7 |     3 ||    10
 Armour: Animal skin       |    44 |       |       |       ||    44
         Ring mail         |     5 |    14 |       |       ||    19
         Chain mail        |       |    46 |    62 |       ||   108
         Scale mail        |       |     2 |       |       ||     2
         Plate armour      |       |       |   164 |   105 ||   269
  Dodge: Dodged            |    65 |    37 |   129 |    44 ||   275

Table legend: (Time is in decaauts)
 A = Elapsed time spent in this place.
 B = Non-inter-level travel time spent in this place.
 C = Inter-level travel time spent in this place.
 D = Time resting spent in this place.
 E = Time spent auto-exploring this place.
 F = Levels seen in this place.
 G = Mean time per level.
                   A        B        C        D        E       F      G
               +--------+--------+--------+--------+--------+-----+--------+
         Total |   9346 |   8655 |    691 |    543 |   6156 |  11 |  849.6 |
       Dungeon |   8582 |   7891 |    691 |    391 |   5703 |  10 |  858.2 |
         Sewer |    763 |    763 |      0 |    152 |    453 |   1 |  763.0 |
               +--------+--------+--------+--------+--------+-----+--------+

Top non-repeatable levels by time:
     D:1: 1125 daAuts
     D:6: 1039 daAuts
     D:3: 947 daAuts
     D:2: 919 daAuts
     D:4: 902 daAuts
     D:5: 882 daAuts
     D:9: 865 daAuts
     D:7: 825 daAuts
     D:8: 772 daAuts
   Sewer: 763 daAuts
    D:10: 302 daAuts
